Map: Neon Violet Square LE

Players

Patience - Winner!

  • Race: Protoss Protoss
  • Spawn Location: 11:00

Hurricane

  • Race: Protoss Protoss
  • Spawn Location: 5:00

Event: IEM Season 12 - Katowice

VOD

Have the link to the VOD?

Description

Time

  • Played on: Feb. 27, 2018, 11:16 a.m.
  • Length: 13:27

All games in this series

Show
View Real Time Build Order
Export as new Build Order

Patience Protoss - Winner!

Build Orders:  

Get SALT Encoding   

  12  0:00  Probe  
  13  0:12  Probe  
  14  0:17  Pylon  
  14  0:25  Probe (Chrono Boost)  
  15  0:37  Probe (Chrono Boost)  
  15  0:38  Gateway  
  16  0:43  Probe (Chrono Boost)  
  16  0:48  Assimilator  
  17  0:51  Probe  
  18  0:57  Assimilator  
  18  1:03  Probe  
  19  1:11  Gateway  
  19  1:15  Probe (Chrono Boost)  
  21  1:26  Probe (Chrono Boost)  
  21  1:28  Cybernetics Core  
  21  1:30  Probe (Chrono Boost)  
  22  1:37  Pylon  
  22  1:42  Probe  
  23  1:55  Probe  
  23  1:59  Warp Gate (Chrono Boost)  
  24  2:04  Adept  
  24  2:05  Sentry  
  28  2:10  Probe  
  28  2:13  Pylon  
  29  2:31  Stalker x2  
  33  2:48  Gateway  
  33  2:50  Gateway  
  33  3:01  Stalker x2  
  37  3:16  Pylon  
  37  3:18  Shield Battery  
  35  3:48  Stalker x2  
  37  3:49  Stalker x2  
  43  4:18  Nexus  
  43  4:21  Stalker  
  44  4:29  Probe  
  45  4:31  Stalker  
  47  4:38  Pylon  
  47  4:47  Twilight Council  
  47  5:02  Adept, Sentry  
  47  5:03  Sentry  
  47  5:04  Probe  
  54  5:12  Pylon  
  54  5:19  Probe  
  55  5:28  Blink (Chrono Boost)  
  51  5:41  Sentry, Stalker x2  
  51  5:55  Probe  
  51  5:56  Probe  
  53  6:10  Probe x2  
  55  6:16  Stalker x2  
  59  6:19  Shield Battery  
  59  6:21  Pylon  
  59  6:31  Stalker x2  
  63  6:34  Shield Battery  
  63  6:39  Probe x2  
  65  6:51  Probe x2  
  65  6:53  Robotics Facility  
  67  7:10  Stalker x3  
  67  7:12  Probe x2  
  75  7:19  Stalker  
  77  7:28  Probe  
  77  7:29  Pylon  
  78  7:36  Assimilator  
  78  7:37  Pylon  
  78  7:41  Assimilator  
  78  7:44  Probe  
  78  7:45  Pylon  
  78  7:47  Probe  
  78  7:48  Observer (Chrono Boost)  
  62  8:08  Probe  
  57  8:12  Adept  
  57  8:13  Adept, Stalker x2  
  57  8:14  Immortal (Chrono Boost)  
  57  8:18  Forge  
  69  8:24  Probe x2  
  69  8:25  Charge  
  71  8:43  Stalker x4  
  75  8:59  Protoss Ground Weapons Level 1 (Chrono Boost)  
  75  9:02  Immortal (Chrono Boost)  
  75  9:06  Gateway  
  75  9:08  Gateway  
  79  9:27  Templar Archives  
  79  9:29  Nexus  
  79  9:33  Pylon  
  79  9:34  Observer  
  79  9:40  Warp Prism (Chrono Boost)  
  81  9:49  Probe x2  
  83  10:01  Gateway x2  
  83  10:09  Observer (Chrono Boost)  
  83  10:10  Observer  
  84  10:16  High Templar x2  
  84  10:17  Zealot  
  90  10:22  High Templar x2  
  90  10:23  Archon  
  90  10:24  Probe x2  
  90  10:27  Archon  
  96  10:29  Assimilator  
  96  10:34  Assimilator  
  96  10:35  Protoss Ground Weapons Level 2 (Chrono Boost)  
  96  10:36  Probe  
  96  10:37  Probe, Pylon  
  98  10:47  Probe  
  98  10:48  Probe  
  100  10:50  Probe  
  101  10:59  Probe  
  101  11:01  Probe  
  101  11:02  Probe  
  104  11:09  Pylon x2, Immortal  
  108  11:11  Probe  
  108  11:13  Probe  
  108  11:16  High Templar x2  
  108  11:17  Zealot x2  
  118  11:28  Archon  
  118  11:31  Photon Cannon x2  
  118  11:32  Photon Cannon  
  118  11:42  Zealot x2, High Templar x2  
  126  11:49  Archon  
  126  11:50  Zealot  
  126  11:51  Zealot x2, Immortal  
  131  12:01  Observer  
  133  12:12  Observer  
  133  12:13  High Templar  
  133  12:14  High Templar x3  
  141  12:18  Pylon  
  141  12:20  Pylon, Archon  
  141  12:21  Archon  
  141  12:26  Nexus  
  141  12:44  Zealot x2, High Templar x2  
  143  12:48  Zealot  
  143  12:49  Zealot x2  
  145  12:57  High Templar  
  141  13:04  Archon  
  139  13:07  Zealot x2  
  139  13:09  Zealot x3  
  131  13:26  Zealot x2  
Show
View Real Time Build Order
Export as new Build Order

Hurricane Protoss 

Build Orders: Phoenix Opening 

Get SALT Encoding   

  12  0:00  Probe  
  13  0:12  Probe  
  14  0:18  Pylon  
  14  0:24  Probe (Chrono Boost)  
  15  0:37  Probe (Chrono Boost)  
  15  0:39  Gateway  
  16  0:45  Probe (Chrono Boost)  
  16  0:47  Assimilator  
  17  0:51  Probe  
  17  0:55  Assimilator  
  18  1:03  Probe (Chrono Boost)  
  19  1:08  Gateway  
  19  1:14  Probe (Chrono Boost)  
  20  1:18  Probe (Chrono Boost)  
  21  1:26  Cybernetics Core  
  21  1:29  Probe  
  22  1:39  Pylon  
  22  1:41  Probe  
  23  1:57  Probe  
  24  2:02  Stalker  
  24  2:03  Warp Gate, Sentry  
  28  2:12  Pylon  
  28  2:29  Stalker  
  30  2:33  Sentry  
  32  2:39  Probe  
  33  2:48  Nexus  
  32  3:00  Stargate  
  32  3:05  Probe  
  33  3:16  Shield Battery  
  33  3:17  Probe  
  34  3:26  Stalker  
  38  3:31  Shield Battery  
  38  3:33  Probe  
  39  3:40  Shield Battery  
  39  3:42  Phoenix (Chrono Boost)  
  39  3:48  Pylon  
  39  3:58  Robotics Facility  
  41  4:15  Void Ray (Chrono Boost)  
  39  4:22  Shield Battery  
  39  4:23  Pylon  
  43  4:27  Stalker  
  45  4:33  Stalker  
  47  4:42  Pylon  
  47  4:56  Warp Prism (Chrono Boost)  
  48  5:00  Probe  
  50  5:12  Probe  
  50  5:13  Pylon  
  51  5:14  Adept x2  
  55  5:28  Phoenix  
  53  5:37  Immortal (Chrono Boost)  
  55  5:43  Stalker  
  55  5:49  Probe  
  58  5:55  Phoenix  
  52  6:11  Probe  
  52  6:15  Immortal (Chrono Boost)  
  57  6:32  Probe (Chrono Boost)  
  56  6:34  Nexus  
  56  6:40  Pylon  
  56  6:44  Probe (Chrono Boost)  
  57  6:50  Observer  
  57  6:52  Probe (Chrono Boost)  
  59  6:58  Probe  
  60  7:03  Sentry x2  
  64  7:12  Probe  
  64  7:13  Shield Battery  
  65  7:19  Immortal (Chrono Boost)  
  67  7:32  Probe  
  67  7:36  Pylon  
  68  7:42  Oracle  
  71  7:47  Probe x2  
  73  7:56  Adept  
  73  7:57  Zealot  
  65  8:08  Immortal (Chrono Boost)  
  67  8:14  Probe x2  
  67  8:19  Assimilator  
  69  8:23  Assimilator  
  69  8:29  Stalker  
  71  8:39  Probe  
  71  8:42  Nexus  
  71  8:49  Twilight Council  
  71  8:56  Probe  
  71  8:59  Immortal  
  76  9:04  Forge  
  76  9:05  Probe  
  77  9:13  Sentry  
  77  9:15  Probe, Pylon  
  80  9:21  Probe  
  81  9:25  Charge  
  81  9:29  Templar Archives  
  81  9:30  Probe  
  82  9:31  Protoss Ground Weapons Level 1 (Chrono Boost)  
  82  9:34  Probe  
  83  9:44  Assimilator x2  
  83  9:57  Gateway  
  83  9:58  Gateway  
  83  10:00  Probe x2  
  83  10:01  Probe  
  83  10:03  Warp Prism  
  88  10:22  Gateway  
  88  10:23  Gateway  
  88  10:28  Gateway  
  88  10:29  High Templar x2  
  92  10:37  Pylon  
  92  10:38  Archon  
  92  10:42  Gateway  
  92  10:55  Probe  
  90  11:07  Pylon  
  90  11:08  Protoss Ground Weapons Level 2 (Chrono Boost)  
  90  11:14  Observer  
  90  11:24  Zealot x2  
  90  11:25  Zealot  
  96  11:32  Immortal (Chrono Boost)  
  100  11:39  Pylon  
  100  11:40  Adept  
  100  11:42  Adept  
  104  12:02  Nexus  
  104  12:04  Pylon  
  104  12:08  Immortal (Chrono Boost)  
  104  12:14  Probe x2, Dark Shrine  
  104  12:15  Probe  
  111  12:16  Pylon  
  111  12:19  Pylon  
  111  12:21  High Templar x6  
  123  12:25  Archon x2  
  123  12:27  Archon  
  123  12:30  Shield Battery  
  123  12:31  Immortal  
  123  12:32  Shield Battery  
  123  12:36  Zealot  
  125  12:39  Probe x3  
  120  12:54  Zealot x3  
  120  12:55  High Templar x2  
  120  12:56  High Templar  
  120  12:58  High Templar  
  134  12:59  Archon  
  134  13:01  Archon  
  115  13:15  Zealot x3  

Tags
 
Add a new tag
Caveats
  • Supply blocks, unpowered buildings, or Contaminate may cause inaccurate times.
  • Supply counts are checked every 10 seconds.